 Dungeon Crawl Stone Soup version 0.31-a0-232-gb1c03b2570 (webtiles) character file.

Game seed: 3814993517980452242

75 protoss039 the Digger (level 4, 33/33 HPs)
             Began as a Demonspawn Earth Elementalist on July 7, 2023.
             Got out of the dungeon alive.
             The game lasted 00:02:14 (1536 turns).

protoss039 the Digger (DsEE)                        Turns: 1536, Time: 00:02:14

Health: 33/33      AC:  3    Str: 15    XL:     4   Next: 11%
Magic:  8/8        EV: 12    Int: 18    God:
Gold:   75         SH:  0    Dex: 13    Spells: 2/8 levels left

rFire   + . .        m - +0 mace (protect)
rCold   . . .        (no shield)
rNeg    . . .        a - +0 robe
rPois   .            (no helmet)
rElec   .            (no cloak)
rCorr   .            l - +0 pair of gloves
SInv    .            (no boots)
Will    .....        (no amulet)
Stlth   ++           e - ring of protection from fire
HPRegen 0.25/turn    f - +6 ring of strength
MPRegen 0.22/turn

%: guardian spirit
@: no status effects
A: powered by pain 1, magic shield, magic regeneration
a: no special abilities


You escaped.
You visited 1 branch of the dungeon, and saw 2 of its levels.

You collected 75 gold pieces.

Inventory:

Hand Weapons
 m - a +0 mace of protection (weapon)
Armour
 a - a +0 robe (worn)
 l - a +0 pair of gloves (worn)
Jewellery
 e - a ring of protection from fire (left hand)
 f - a +6 ring of strength (right hand)
Scrolls
 c - 3 scrolls of identify {unknown}
 d - a scroll of enchant armour {unknown}
 g - a scroll of brand weapon {unknown}
 h - a scroll of poison {unknown}
 i - a scroll of enchant weapon {unknown}
Potions
 b - a potion of magic
 j - a potion of lignification {unknown}
 k - a potion of mutation {unknown}
 n - a potion of brilliance {unknown}


   Skills:
 + Level 2.0 Fighting
 - Level 1.7 Dodging
 - Level 1.7 Stealth
 + Level 2.7 Spellcasting
 + Level 0.6 Conjurations
 - Level 0.8 Transmutations
 + Level 3.3 Earth Magic


You had 2 spell levels left.
You knew the following spells:

 Your Spells              Type           Power      Damage    Failure   Level
a - Sandblast             Erth           28%        2d8       4%          1
b - Passwall              Tmut/Erth      8%         N/A       11%         2
c - Stone Arrow           Conj/Erth      18%        3d8       22%         3

Your spell library contained the following spells:

 Spells                   Type           Power      Damage    Failure   Level
 Cigotuvi's Dreadful Rot  Necr/Pois/Air  4%         N/A       26%         2
 Ignite Poison            Fire/Tmut/Pois 3%         N/A       41%         3
 Petrify                  Tmut/Erth      10%        N/A       56%         4
 Manifold Assault         Tloc           2%         N/A       86%         4
 Freezing Cloud           Conj/Ice/Air   1%         6-21      99%         5
 Dispersal                Tloc           1%         N/A       100%        6
 Disjunction              Tloc           1%         N/A       100%        8


Dungeon Overview and Level Annotations

Branches:
Dungeon (2/15) Zot: 10430

Altars:


Innate Abilities, Weirdness & Mutations

You sometimes gain a little power by taking damage.
When hurt, damage is shared between your health and your magic reserves.
You regenerate magic rapidly.


Message History

Confirm with . or Enter, or press ? or * to list all spells.
Aiming: Sandblast (safe; 4% risk of failure)
Press: ? - help, Shift-Dir - straight line, f/p - adder
Aim: an adder (70% to hit)
The blast of sand hits the adder.
The adder is lightly wounded.
You feel very sick. The adder closely misses you. x2
You barely miss the adder.
The adder is lightly wounded.
You feel sick. The adder misses you. The adder barely misses you.
Unknown command.
Casting: Sandblast (safe; 4% risk of failure)
Confirm with . or Enter, or press ? or * to list all spells.
Aiming: Sandblast (safe; 4% risk of failure)
Press: ? - help, Shift-Dir - straight line, f/p - adder
Aim: an adder (lightly wounded, 70% to hit)
The blast of sand hits the adder!
You kill the adder!
You feel sick.
Your Fighting skill increases to level 2!
You have reached level 4!
You feel stronger.
Your demonic ancestry asserts itself...
You feel energised by your suffering.
You feel sick.
You feel sick.
You are no longer poisoned.
There is a stone staircase leading up here.
You climb upwards.
There is a stone staircase leading down here.
HP restored.
There is a staircase leading out of the dungeon here.
Are you sure you want to leave the Dungeon?
This will make you lose the game! [Y]es or [N]o only, please.
Are you sure you want to leave the Dungeon?
This will make you lose the game! [Y]es or [N]o only, please.
Are you sure you want to leave the Dungeon?
This will make you lose the game! [Y]es or [N]o only, please.
Are you sure you want to leave the Dungeon?
This will make you lose the game!
You have escaped!

.....#..#.#...#..#...#.#..##.###.
.#.#......###.####...#.#..##.###.
.#.#.########......#.#.#......##.
.#.#.#.........##....#.#......##.
##.#.#.##########...##.#......##.
.#.#.#.# ###.##........##.
.#.#...# #.##...####.... .#.#####
#######.##...######## .#.####
###..#@##..............
.#....#####.#.#.###..............
.#.##..........## #..............
.#.##...........# #.>........##♣'
.#.#####.##.....####.......♣♣#...
.#.# #######.#># #.#'#+..♣÷#..8
.#'###### ##### #^#.#...♣♣#...
.[......# ###.#'###.♣♣###'
........# #.........♣♣P...


There were no monsters in sight!

Vanquished Creatures
  2 adders (D:2)
  A dart slug (D:1)
  4 endoplasms
  A giant cockroach (D:2)
  4 goblins
  2 hobgoblins
  9 jackals (D:1)
  5 kobolds
  3 quokkas (D:1)
  6 ball pythons
  3 bats (D:1)
  3 frilled lizards (D:1)
  6 rats
49 creatures vanquished.

Notes
Turn   | Place    | Note
-------+----------+-------------------------------------------
     0 | D:1      | protoss039 the Demonspawn Earth Elementalist began the
                  | quest for the Orb.
     0 | D:1      | Reached XP level 1. HP: 13/13 MP: 3/3
   148 | D:1      | Gained mutation: You regenerate magic rapidly. [demonic
                  | ancestry]
   148 | D:1      | Reached XP level 2. HP: 17/20 MP: 1/5
   218 | D:1      | Reached skill level 1 in Fighting
   282 | D:1      | Reached skill level 3 in Earth Magic
   536 | D:1      | Gained mutation: When hurt, damage is shared between your
                  | health and your magic reserves. [demonic ancestry]
   536 | D:1      | Reached XP level 3. HP: 26/26 MP: 1/6
   817 | D:1      | Found a faded altar of an unknown god.
  1235 | D:1      | Learned a level 2 spell: Passwall
  1239 | D:1      | Learned a level 3 spell: Stone Arrow
  1461 | D:2      | Gained mutation: You sometimes gain a little power by
                  | taking damage. [demonic ancestry]
  1461 | D:2      | Reached XP level 4. HP: 26/33 MP: 3/8
  1536 | D:$      | Got out of the dungeon alive.

Illustrated notes

Levels and vault maps discovered:
D:1:      minmay_arrival_jagged, layout_basic,
          dilly_ecumenical_altar_fadedgnrine, minmay_hexomino_c4
D:2:      layout_rooms

Skill      XL: |  1  2  3 |
---------------+----------+-----
Fighting       | 1 2 |  2.0
Earth Magic    | 3 |  3.3
Dodging        | |  1.7
Stealth        | |  1.7
Spellcasting   | |  2.7
Conjurations   | |  0.6
Transmutations | |  0.8

Action                     |  1- 3 |  4- 6 || total
---------------------------+-------+-------++-------
  Melee: Unarmed           |    14 |       ||    14
         Whip              |    19 |       ||    19
         Mace              |    11 |       ||    11
         Punch             |     1 |       ||     1
   Cast: Sandblast         |    59 |       ||    59
   Stab: Sleeping          |     4 |       ||     4
 Armour: Robe              |    28 |       ||    28
  Dodge: Dodged            |    64 |       ||    64

Table legend: (Time is in decaauts)
 A = Elapsed time spent in this place.
 B = Non-inter-level travel time spent in this place.
 C = Inter-level travel time spent in this place.
 D = Time resting spent in this place.
 E = Time spent auto-exploring this place.
 F = Levels seen in this place.
 G = Mean time per level.
                   A        B        C        D        E       F      G
               +--------+--------+--------+--------+--------+-----+--------+
         Total |   1569 |   1461 |    108 |     49 |   1093 |   2 |  784.5 |
       Dungeon |   1569 |   1461 |    108 |     49 |   1093 |   2 |  784.5 |
               +--------+--------+--------+--------+--------+-----+--------+

Top non-repeatable levels by time:
     D:1: 1308 daAuts
     D:2: 261 daAuts
